 Dungeon Crawl Stone Soup version 0.21.1-1-g345015f (webtiles) character file.

142577 spiff the Fighter (level 16, -6/147 HPs)
             Began as a Centaur Warper on June 22, 2018.
             Was an Elder of Qazlal.
             Mangled by a spark wasp (12 damage)
             ... on level 3 of the Spider Nest on June 23, 2018.
             The game lasted 02:00:53 (35361 turns).

spiff the Fighter (Centaur Warper)                 Turns: 35361, Time: 02:00:53

Health: -6/147     AC: 21    Str: 18    XL:     16   Next: 80%
Magic:  24/26      EV: 14    Int: 14    God:    Qazlal [****..]
Gold:   1998       SH:  5    Dex: 10    Spells: 18/25 levels left

rFire    + . .     SeeInvis .   q - +3 demon trident (freeze)
rCold    . . .     Gourm    .   (no shield)
rNeg     . . .     Faith    .   y - +4 scale mail {rF+}
rPois    .         Spirit   .   A - +1 helmet
rElec    .         Reflect  .   m - +2 cloak {MR+}
rCorr    .         Harm     .   L - +2 pair of gloves
MR       ++...                  (no barding)
Stlth    ..........             p - amulet of regeneration
HPRegen  0.74/turn              v - +3 ring of protection
MPRegen  0.20/turn              Q - +4 ring of evasion

@: shrouded, repel missiles, very quick
A: large, hooves 3, deformed body, speed 2, tough skin 3
a: Upheaval, Elemental Force, Renounce Religion


You were on level 3 of the Spider Nest.
You worshipped Qazlal.
Qazlal was greatly pleased with you.
You were not hungry.

You visited 5 branches of the dungeon, and saw 27 of its levels.
You also visited: Bailey and Volcano.

You collected 2739 gold pieces.
You spent 741 gold pieces at shops.

Inventory:

Hand Weapons
 a - the +1 trident "Teutsoe" {venom, rN+ MR+ Dex+4 Stlth+}
   (You found it on level 4 of the Lair of Beasts)

   It poisons the flesh of those it strikes.
   It affects your dexterity (+4).
   It protects you from negative energy.
   It affects your resistance to hostile enchantments.
   It makes you more stealthy.
 b - a +0 shortbow of velocity
 c - a +0 glaive
 q - a +3 demon trident of freezing (weapon)
 C - a +1 bardiche of protection
Missiles
 e - 5 tomahawks of dispersal (quivered)
 j - 323 arrows
 n - 38 tomahawks
 E - 25 javelins of returning
 I - 5 exploding tomahawks
Armour
 m - a +2 cloak of magic resistance (worn)
 y - a +4 scale mail of fire resistance (worn)
 A - a +1 helmet (worn)
 L - a +2 pair of gloves (worn)
 P - a +2 scale mail of magic resistance
Jewellery
 p - an amulet of regeneration (around neck)
 v - a +3 ring of protection (left hand)
 Q - a +4 ring of evasion (right hand)
 S - an uncursed ring of see invisible
Wands
 x - a wand of paralysis (38)
 z - a wand of random effects (26)
 D - a wand of enslavement (51)
 G - a wand of iceblast (5)
 M - a wand of acid (2)
 O - a wand of scattershot (15)
 T - a wand of digging (14)
 U - a wand of polymorph (11)
 W - a wand of disintegration (11)
Scrolls
 d - 3 scrolls of blinking
 g - 5 scrolls of fog
 h - 9 scrolls of teleportation
 i - 10 scrolls of identify
 k - 3 scrolls of remove curse
 l - 2 scrolls of immolation
 o - a scroll of enchant armour
 s - a scroll of amnesia
 w - a scroll of magic mapping
 F - a scroll of enchant weapon
Potions
 r - 3 potions of might
 u - a potion of cancellation
 H - 2 potions of agility
 J - 3 potions of ambrosia
 K - a potion of heal wounds
 Z - a potion of flight
Comestibles
 f - 49 rations
 t - 3 chunks of flesh


   Skills:
 + Level 14.8 Fighting
 + Level 12.5 Polearms
 - Level 14.0 Bows
 - Level 1.1 Throwing
 - Level 0.6 Armour
 - Level 8.0 Dodging
 - Level 5.0 Spellcasting
 - Level 5.0 Charms
 - Level 10.0 Translocations
 + Level 13.8 Invocations


You had 18 spell levels left.
You knew the following spells:

 Your Spells              Type           Power        Failure   Level  Hunger
a - Blink                 Tloc           N/A          1%          2    ##.....
b - Shroud of Golubria    Chrm/Tloc      ###.......   4%          2    ##.....
e - Gell's Gravitas       Tloc           ####......   2%          3    ###....


Dungeon Overview and Level Annotations

Branches:
Dungeon (15/15)            Temple (1/1) D:7            Lair (6/6) D:10
 Shoals (0/4) Lair:3       Spider (3/4) Lair:3        Slime (0/5) Lair:5
    Orc (2/2) D:11            Elf (0/3) Orc:2        Vaults (0/5) D:13
 Depths (0/5) D:15

Altars:
Ashenzari
Kikubaaqudgha
Qazlal
Ru
Trog
Vehumet
Xom
Beogh

Shops:
D:9 *   Orc:2 ?([}

Annotations:
D:9 Erolcha
Lair:5 exclusion: oklob plant


Innate Abilities, Weirdness & Mutations

You have hooves in place of feet.
Armour fits poorly on your strangely shaped body.
You cover ground very quickly.
You have extremely tough skin. (AC +3)


Message History

The spark wasp is heavily wounded.
The spark wasp stings you. The spark wasp shocks you!
The spark wasp stings you.
* * * LOW HITPOINT WARNING * * *
The spark wasp shocks you!
* * * LOW HITPOINT WARNING * * *
You feel much better. The spark wasp completely misses you.
Okay, then.
Evoke which item? (* to show all) (? for menu, Esc to quit)
Aiming: Corrosive Bolt
Press: ? - help, Shift-Dir - straight line, f/p - spark wasp
Aim: a spark wasp (heavily wounded)
The bolt of acid misses the spark wasp.
The spark wasp stings you!!
* * * LOW HITPOINT WARNING * * *
The spark wasp shocks you!
* * * LOW HITPOINT WARNING * * *
The spark wasp stings you!
* * * LOW HITPOINT WARNING * * *
The spark wasp shocks you!
You die...

... .. .###
##.>.# #
###...#
#.#.#.^.#
#....§###
##....#y#
####.@†#
#^#..§.#
#..#§.###
##.#^.#.#
#....#..
##.#...
.....######
......#.....
#######..#...#


You could see a spark wasp.

Vanquished Creatures
  Arachne (Spider:2)
  Asterion (Spider:2)
  Kirke (D:12)
  Agnes (D:14)
  Louise (Spider:2)
  2 emperor scorpions
  An entropy weaver (Spider:1)
  2 ogre magi (Orc:2)
  A vault guard (D:13)
  11 hydras
  Erica (D:9)
  A death knight (D:13)
  A centaur warrior (D:15)
  The ghost of n0claF the Cleaver, a novice MiGl of Okawaru (D:9)
  14 two-headed ogres
  3 death yaks (D:9)
  Sonja (Orc:2)
  3 unseen horrors
  2 deep trolls (Orc:2)
  2 orc knights
  A wolf spider zombie (D:13)
  3 orc sorcerers
  9 orb spiders
  24 wolf spiders
  2 deep elf magi
  6 cyclopes
  13 ugly things
  Joseph (D:8)
  5 elephants (Lair:4)
  4 centaur zombies
  8 black mambas
  A merfolk siren (Lair:3)
  2 torpor snails
  Maurice (D:8)
  A guardian serpent (Lair:6)
  14 spiny frogs
  6 centaur skeletons
  4 komodo dragons
  2 hellwings (D:9)
  7 demonic crawlers
  2 rime drakes (Lair:4)
  2 red devils (Volcano)
  15 trolls
  A queen bee (Lair:1)
  A harpy zombie (D:9)
  A jumping spider (shapeshifter) (D:15)
  22 jumping spiders
  A polar bear (Lair:5)
  A raiju (shapeshifter) (D:15)
  19 blink frogs
  15 slime creatures
  A harpy skeleton (D:13)
  2 hornets (Lair:6)
  5 dream sheep (Lair:6)
  13 hippogriffs
  55 redbacks
  2 meliai zombies
  15 tarantellas
  A vampire (D:13)
  51 yaks
  A spriggan (D:8)
  4 fire bats (Volcano)
  12 basilisks
  16 wyverns
  A wraith (D:11)
  A fire elemental (D:14)
  4 hogs (D:12)
  A golden eye (shapeshifter) (D:15)
  2 steam dragons
  4 hungry ghosts
  4 wargs
  2 soldier ants
  2 acid dragons
  26 water moccasins
  5 porcupines
  A swamp drake (Lair:4)
  31 orc warriors
  3 sky beasts
  An ice beast (D:8)
  3 phantoms
  30 ogres
  2 necrophages
  21 wolves
  11 centaurs
  3 boggarts (D:15)
  13 crocodiles
  2 big kobolds
  17 bullfrogs
  2 wyvern zombies (D:9)
  4 scorpions
  39 killer bees
  13 wights
  An electric eel (Lair:5)
  8 crimson imps
  2 howler monkeys
  5 lava snakes (Volcano)
  A bullfrog zombie (D:10)
  A quasit (D:6)
  4 jellies
  A gnoll shaman (D:6)
  15 orc priests
  21 orc wizards
  Ijyb (D:3)
  6 iguanas
  13 worker ants
  A worker ant zombie (D:5)
  12 gnolls
  20 adders
  A howler monkey skeleton (D:5)
  9 shadow imps
  An ooze (D:1)
  An adder skeleton (D:6)
  2 worms
  3 dart slugs
  6 leopard geckos
  118 orcs
  3 ball pythons
  9 bats
  5 giant cockroaches
  9 goblins
  5 hobgoblins
  20 jackals
  A jackal (shapeshifter) (D:15)
  11 kobolds
  4 quokkas
  5 frilled lizards
  A leopard gecko skeleton (D:4)
  A leopard gecko zombie (D:7)
  A quokka skeleton (D:4)
  8 rats
1007 creatures vanquished.

Vanquished Creatures (others)
  An orc (D:10)
  23 fungi
  19 plants
  3 withered plants (D:9)
46 creatures vanquished.

Grand Total: 1053 creatures vanquished

Notes
Turn   | Place    | Note
-------+----------+-------------------------------------------
     0 | D:1      | spiff the Centaur Warper began the quest for the Orb.
     0 | D:1      | Reached XP level 1. HP: 17/17 MP: 3/3
   195 | D:1      | Reached XP level 2. HP: 21/25 MP: 4/4
  1134 | D:2      | Reached XP level 3. HP: 30/30 MP: 5/5
  1138 | D:2      | Learned a level 2 spell: Blink
  1768 | D:2      | Reached XP level 4. HP: 28/38 MP: 6/6
  2474 | D:3      | Reached XP level 5. HP: 46/46 MP: 7/7
  2505 | D:3      | Learned a level 2 spell: Shroud of Golubria
  2916 | D:3      | Noticed Ijyb
  2916 | D:3      | Paralysed by Ijyb for 7 turns
  2924 | D:3      | Killed Ijyb
  3301 | D:4      | Reached XP level 6. HP: 53/53 MP: 8/8
  3381 | D:4      | Reached skill level 5 in Fighting
  3950 | D:4      | Reached skill level 5 in Polearms
  4116 | D:5      | Entered Level 5 of the Dungeon
  4128 | D:4      | Reached XP level 7. HP: 55/61 MP: 9/9
  4479 | D:5      | Found a shattered altar of Ashenzari.
  4852 | D:6      | Reached XP level 8. HP: 72/73 MP: 10/10
  6318 | D:7      | Reached skill level 5 in Translocations
  6494 | D:6      | Reached XP level 9. HP: 67/81 MP: 11/11
  6966 | D:7      | Found a sacrificial altar of Ru.
  7184 | D:7      | Found a staircase to the Ecumenical Temple.
  7196 | Temple   | Entered the Ecumenical Temple
  7212 | Temple   | Became a worshipper of Qazlal Stormbringer
  7325 | D:8      | Noticed Joseph
  7365 | D:8      | Killed Joseph
  7542 | D:8      | Reached skill level 1 in Invocations
  7593 | D:8      | Noticed Maurice
  7624 | D:8      | Killed Maurice
  7624 | D:8      | Reached skill level 5 in Dodging
  8054 | D:8      | Reached XP level 10. HP: 85/91 MP: 12/12
  8534 | D:9      | Reached * piety under Qazlal
  8673 | D:9      | Reached skill level 10 in Fighting
  8673 | D:9      | Reached skill level 5 in Invocations
  8706 | D:9      | Found Nuovig's Serpentskin Sales.
  8800 | D:9      | Noticed n0claF's ghost (novice MiGl)
  9376 | D:9      | Killed n0claF's ghost
  9507 | D:9      | Reached XP level 11. HP: 62/99 MP: 15/15
  9815 | D:9      | Noticed a two-headed ogre
  9821 | D:9      | Reached ** piety under Qazlal
  9821 | D:9      | Reached skill level 1 in Charms
  9826 | D:9      | Noticed Erolcha
  9881 | D:10     | Entered Level 10 of the Dungeon
  9882 | D:10     | Noticed Erica
  9887 | D:10     | Noticed a two-headed ogre
  9897 | D:9      | Killed Erica
  9933 | D:9      | Killed a two-headed ogre
 10132 | D:10     | Noticed a white ugly thing
 10440 | D:9      | Killed a white ugly thing
 10625 | D:10     | Killed a two-headed ogre
 10852 | D:10     | Noticed a death yak
 10853 | D:10     | Noticed a death yak
 10853 | D:10     | Found a staircase to the Lair.
 10853 | D:10     | Noticed a death yak
 10887 | D:9      | Killed a death yak
 11182 | D:9      | Killed a death yak
 11249 | D:10     | Reached *** piety under Qazlal
 11303 | D:9      | Killed a death yak
 11490 | Lair:1   | Entered Level 1 of the Lair of Beasts
 11495 | Lair:1   | Reached skill level 5 in Charms
 11498 | Lair:1   | Reached XP level 12. HP: 104/106 MP: 18/18
 11670 | Lair:1   | Found a dark tunnel.
 11677 | Volcano  | Entered a volcano
 11909 | Volcano  | Reached skill level 5 in Spellcasting
 11992 | Volcano  | Found a bloodstained altar of Trog.
 13660 | Lair:1   | Reached skill level 1 in Bows
 13961 | Lair:2   | Reached skill level 10 in Translocations
 14099 | Lair:2   | Noticed a six-headed hydra
 14446 | Lair:2   | Reached skill level 5 in Bows
 14489 | Lair:2   | Killed a six-headed hydra
 14803 | Lair:2   | Reached XP level 13. HP: 103/113 MP: 20/20
 15699 | Lair:3   | Learned a level 3 spell: Gell's Gravitas
 16137 | Lair:3   | Found a hole to the Spider Nest.
 16218 | Lair:3   | Found a staircase to the Shoals.
 17983 | Lair:4   | Reached skill level 10 in Bows
 18277 | Lair:4   | Reached skill level 10 in Polearms
 18418 | Lair:4   | Got a brightly glowing trident
 18419 | Lair:4   | Identified the cursed +1 trident "Teutsoe" {venom, rN+ MR+ Dex+4 Stlth+} (You found it on level 4 of the Lair of Beasts)
 19305 | Lair:5   | Found a staircase to the Slime Pits.
 19472 | Lair:6   | Entered Level 6 of the Lair of Beasts
 19492 | Lair:6   | Reached XP level 14. HP: 117/122 MP: 21/21
 20761 | Lair:6   | Paralysed by a hornet for 2 turns
 20957 | Lair:6   | Reached **** piety under Qazlal
 22553 | D:11     | Reached ***** piety under Qazlal
 22937 | D:11     | Found a roughly hewn altar of Beogh.
 22937 | D:11     | Found a staircase to the Orcish Mines.
 23146 | Orc:1    | Entered Level 1 of the Orcish Mines
 23203 | Orc:2    | Entered Level 2 of the Orcish Mines
 23206 | Orc:2    | Noticed Sonja
 23226 | Orc:2    | Killed Sonja
 23293 | Orc:2    | Found Qajon's Gadget Boutique.
 23785 | Orc:2    | Reached skill level 10 in Invocations
 24070 | Orc:2    | Reached XP level 15. HP: 111/133 MP: 19/22
 24619 | Orc:1    | Found a radiant altar of Vehumet.
 24845 | Orc:2    | Found a staircase to the Elven Halls.
 24938 | Orc:2    | Found Ohenog's Magic Scroll Emporium.
 24939 | Orc:2    | Found Bana's Distillery.
 24941 | Orc:2    | Found Xahac's Antique Weapon Shop.
 24953 | Orc:2    | Found Wiah's Antique Armour Emporium.
 24961 | Orc:2    | Bought a glowing cloak for 247 gold pieces
 24961 | Orc:2    | Bought a pair of runed gloves for 247 gold pieces
 25006 | Orc:2    | Bought a pair of glowing gloves for 247 gold pieces
 25263 | D:12     | Noticed Kirke
 25269 | D:12     | Noticed a sphinx
 25270 | D:12     | Killed Kirke
 25365 | D:12     | Found a flagged portal.
 25375 | Bailey   | Entered a bailey
 25976 | Bailey   | Identified a scroll of acquirement
 25980 | Bailey   | Got a distressingly furry scale mail
 25991 | Bailey   | Identified the +1 scale mail "Riror" {rF+ MR+++ Int+3 Slay-3} (You found it in a bailey)
 27695 | D:13     | Found a gate to the Vaults.
 28349 | D:14     | Noticed Agnes
 28381 | D:14     | Killed Agnes
 28944 | D:15     | Entered Level 15 of the Dungeon
 29429 | D:15     | Found an ancient bone altar of Kikubaaqudgha.
 29501 | D:15     | Found a staircase to the Depths.
 30231 | Spider:1 | Entered Level 1 of the Spider Nest
 30235 | Spider:1 | Reached XP level 16. HP: 136/145 MP: 9/25
 32524 | Spider:2 | Noticed Louise
 32695 | Spider:2 | Noticed Asterion
 32696 | Spider:2 | Noticed an Executioner
 32784 | Spider:2 | Killed Louise
 32928 | Spider:2 | Noticed Arachne
 33120 | Spider:2 | Killed Arachne
 33745 | Spider:2 | Noticed an Executioner
 34113 | Spider:2 | Killed Asterion
 35361 | Spider:3 | HP: 6/147 [spark wasp (12)]
 35361 | Spider:3 | Mangled by a spark wasp

Skill      XL: |  1  2  3  4  5  6  7  8  9 10 11 12 13 14 15 16 |
---------------+-------------------------------------------------+-----
Polearms       | 2 3 4 5 7 10 11 12 | 12.5
Fighting       | 3 4 5 7 8 9 10 12 13 14 | 14.8
Translocations | 3 5 6 8 10 | 10.0
Dodging        | 2 3 5 7 8 |  8.0
Invocations    | 3 6 7 10 12 13 | 13.8
Charms         | 5 |  5.0
Spellcasting   | 4 5 |  5.0
Bows           | 6 10 13 14 | 14.0
Throwing       | |  1.1
Armour         | |  0.6

Action                   |  1- 3 |  4- 6 |  7- 9 | 10-12 | 13-15 | 16-18 || total
-------------------------+-------+-------+-------+-------+-------+-------++-------
Melee: Spear             |   113 |    12 |       |       |       |       ||   125
       Kick              |    15 |    28 |    73 |   236 |   626 |   163 ||  1141
       Dagger            |       |   164 |   462 |   540 |       |       ||  1166
       Trident           |       |       |       |   510 |  2339 |   416 ||  3265
       Demon trident     |       |       |       |       |       |   202 ||   202
 Fire: Blowgun           |       |    30 |    33 |    45 |       |       ||   108
       Shortbow          |       |       |     7 |       |    72 |    50 ||   129
Throw: Tomahawk          |     5 |       |       |     2 |    16 |     2 ||    25
 Cast: Shroud of Golubri |       |       |       |     5 |     8 |     3 ||    16
       Blink             |       |       |       |     2 |     3 |       ||     5
       Gell's Gravitas   |       |       |       |       |     6 |       ||     6
Invok: Upheaval          |       |       |       |    12 |    35 |    15 ||    62
       Disaster Area     |       |       |       |       |     2 |       ||     2
       Elemental Force   |       |       |       |       |     1 |       ||     1
Evoke: Wand              |       |       |       |     8 |     3 |     5 ||    16
  Use: Scroll            |     2 |     5 |       |    17 |    16 |       ||    40
       Potion            |       |       |     1 |     4 |       |     4 ||     9
  Eat: Chunk             |     2 |     6 |    16 |    20 |    42 |    10 ||    96
       Ration            |       |       |       |     1 |     1 |     2 ||     4
Armor: Leather armour    |    27 |    44 |       |       |       |       ||    71
       Scale mail        |       |    64 |   336 |   703 |   867 |   402 ||  2372
Dodge: Dodged            |    29 |    99 |   179 |   547 |   917 |   428 ||  2199
       Deflected         |       |       |       |       |    27 |     2 ||    29
Block: Other             |       |       |       |   167 |   393 |   168 ||   728
